 Dungeon Crawl Stone Soup version 0.24.1-14-gf8d2b509d9 (console) character file.

Game seed: 1315206209978954692, levelgen mode: deterministic

6167 Kagalorn the Cleaver (level 10, 0/91 HPs)
             Began as a Minotaur Wanderer on Dec 31, 2020.
             Was an Elder of Elyvilon.
             Blown up by an orc (33 damage)
             ... with a disintegration bolt
             ... on level 8 of the Dungeon.
             The game lasted 00:18:57 (10301 turns).

Kagalorn the Cleaver (Minotaur Wanderer)           Turns: 10301, Time: 00:18:58

Health: 0/91       AC: 14    Str: 20    XL:     10   Next: 60%
Magic:  13/13      EV:  8    Int:  9    God:    Elyvilon [****..]
Gold:   691        SH:  0    Dex: 10    Spells: 9/9 levels left

rFire    . . .     SeeInvis .   a - +0 war axe
rCold    . . .     Gourm    .   (no shield)
rNeg     . . .     Faith    .   m - +0 plate armour
rPois    .         Spirit   .   (helmet restricted)
rElec    .         Reflect  .   (no cloak)
rCorr    .         Harm     .   (no gloves)
MR       .....                  y - +0 pair of boots
Stlth    ..........             (no amulet)
HPRegen  0.25/turn              s - ring of wizardry
MPRegen  0.13/turn              v - ring of flight

@: no status effects
A: retaliatory headbutt, horns 2
a: Lesser Healing, Heal Other, Purification, Greater Healing, Divine Protection,
Renounce Religion, Evoke Flight


You were on level 8 of the Dungeon.
You worshipped Elyvilon.
Elyvilon was greatly pleased with you.
You were not hungry.

You visited 2 branches of the dungeon, and saw 9 of its levels.

You collected 691 gold pieces.

Inventory:

Hand Weapons
 a - a +0 war axe (weapon)
 b - a +3 hunting sling
 M - a cursed +3 morningstar
Missiles
 f - 59 bolts
 h - 182 arrows
 j - 375 stones (quivered)
 t - 96 sling bullets
 A - 9 boomerangs
 C - 5 javelins
 D - 3 boomerangs of dispersal
Armour
 m - a +0 plate armour (worn)
 y - a +0 pair of boots (worn)
Jewellery
 s - a ring of wizardry (left hand)
 v - a ring of flight (right hand)
Wands
 x - a wand of polymorph (17)
 B - a wand of iceblast (7)
 H - a wand of flame (16)
 J - a wand of digging (8)
Scrolls
 g - 7 scrolls of teleportation
 i - 6 scrolls of remove curse {unknown}
 n - a scroll of magic mapping {unknown}
 o - 3 scrolls of amnesia {unknown}
 q - 2 scrolls of immolation {unknown}
 G - 2 scrolls of enchant weapon {unknown}
 I - a scroll of fear {unknown}
 L - a scroll of fog {unknown}
Potions
 c - 6 potions of curing
 e - 5 potions of heal wounds
 k - a potion of cancellation {unknown}
 l - a potion of degeneration {unknown}
 p - a potion of agility
 r - 3 potions of ambrosia
 u - 3 potions of might
 w - a potion of lignification
 z - 2 potions of haste
 E - a potion of mutation
 F - a potion of berserk rage
Comestibles
 d - 16 rations
 K - 2 chunks of flesh


   Skills:
 + Level 9.6 Fighting
 * Level 10.3 Axes
 + Level 6.0 Throwing
 + Level 7.6 Armour
 + Level 6.5 Dodging
   Level 1.2 Shields
 + Level 5.8 Invocations


You had 9 spell levels left.
You didn't know any spells.
Your spell library was empty.

Dungeon Overview and Level Annotations

Branches:
Dungeon (8/15)             Temple (1/1) D:7
   Lair: D:8-11

Altars:
Ashenzari
Cheibriados
Dithmenos
Elyvilon
Fedhas
Gozag
Hepliaklqana
Kikubaaqudgha
Makhleb
Nemelex Xobeh
Okawaru
Ru
Sif Muna
Trog
Uskayaw
Vehumet
Wu Jian
Xom
Zin
The Shining One

Shops:
D:7 }


Innate Abilities, Weirdness & Mutations

You reflexively headbutt those who attack you in melee.
You have a pair of horns on your head.


Message History

You slash the orc wizard!
You kill the orc wizard!
You barely miss the orc. The orc barely misses you.
You slash the orc!
You kill the orc!
You hit the orc.
An orc comes into view.
It is carrying a wand of disintegration (3).
The orc shouts!
You hit the orc. You headbutt the orc.
You kill the orc!
You slash the orc!
You kill the orc!
The orc hits you from afar with a +0 trident.
Items here: )) ? [[ † A phantom comes into view.
The orc barely misses you.
The phantom moves out of view.
You slash the orc!
You kill the orc!
The orc zaps a wand.
You are blasted!
You die...

#.#.#)###..#....)..
##.#.#[#...#.......
#.##.##)...#......♣
...####.....#.....
.............#...♣
.. .....####.#)..♣
##### #(')..♣
###)..♣ #.@.♣
#..)...♣ #..o...♣
#......W..
#.........
#######'## ... ##


You could see a phantom and an orc.

Vanquished Creatures
  A deep elf mage (D:8)
  Prince Ribbit (D:7)
  A queen bee (D:7)
  A hippogriff (D:8)
  Menkaure (D:7)
  A water moccasin (D:7)
  Duvessa (D:7)
  An orc warrior (D:5)
  4 ice beasts
  2 phantoms
  4 sky beasts
  3 black bears
  5 ogres
  3 centaurs
  A big kobold (D:4)
  5 bullfrogs
  A gnoll sergeant (D:5)
  3 scorpions
  Dowan (D:7)
  A water moccasin skeleton (D:8)
  14 killer bees (D:8)
  4 wights (D:8)
  A bullfrog zombie (D:6)
  3 crimson imps
  5 hounds
  2 jellies
  2 centaur skeletons
  An iguana (D:8)
  12 orc wizards
  8 worker ants
  26 gnolls
  11 adders
  An adder zombie (D:8)
  2 adder skeletons
  4 dart slugs
  4 leopard geckos
  35 orcs
  12 bats
  3 giant cockroaches
  40 goblins
  24 hobgoblins
  13 jackals
  4 quokkas
  A ball python (D:2)
  3 frilled lizards
  A giant cockroach zombie (D:2)
  A jackal skeleton (D:7)
  7 kobolds
  A leopard gecko zombie (D:2)
  A quokka skeleton (D:7)
  A quokka zombie (D:6)
  3 rats
291 creatures vanquished.

Vanquished Creatures (others)
  An orc wizard (D:8)
  2 orcs
3 creatures vanquished.

Grand Total: 294 creatures vanquished

Notes
Turn   | Place    | Note
-------+----------+-------------------------------------------
     0 | D:1      | Kagalorn the Minotaur Wanderer began the quest for the Orb.
     0 | D:1      | Kagalorn set off with the following items: a +2 hand axe, a
                  | +0 ring mail, a potion of curing, a ration
     0 | D:1      | Reached XP level 1. HP: 24/24 MP: 0/0
   415 | D:1      | Reached XP level 2. HP: 25/30 MP: 1/1
   874 | D:2      | Reached skill level 2 in Axes
   874 | D:2      | Reached skill level 1 in Dodging
   877 | D:2      | Reached XP level 3. HP: 34/37 MP: 2/2
  1260 | D:2      | Found a shimmering blue altar of Sif Muna.
  1480 | D:3      | Reached XP level 4. HP: 45/45 MP: 3/3
  1540 | D:3      | Found a white marble altar of Elyvilon.
  1546 | D:3      | Became a worshipper of Elyvilon the Healer
  1558 | D:3      | Found a snail-covered altar of Cheibriados.
  1725 | D:3      | Found a hazy altar of Hepliaklqana.
  1863 | D:3      | Reached skill level 3 in Axes
  1930 | D:4      | Noticed an ogre
  1934 | D:4      | an ogre changed into a scorpion
  1941 | D:4      | Reached XP level 5. HP: 51/51 MP: 4/4
  2053 | D:4      | Reached skill level 1 in Invocations
  2215 | D:4      | Reached skill level 4 in Axes
  2219 | D:4      | Reached XP level 6. HP: 45/58 MP: 4/6
  2465 | D:4      | Reached * piety under Elyvilon
  3183 | D:4      | Reached XP level 7. HP: 37/66 MP: 7/7
  3349 | D:3      | Reached skill level 5 in Axes
  4193 | D:5      | Entered Level 5 of the Dungeon
  4416 | D:5      | Reached ** piety under Elyvilon
  4461 | D:5      | Found an iron altar of Okawaru.
  4520 | D:5      | Reached XP level 8. HP: 69/73 MP: 9/9
  4661 | D:5      | Reached skill level 6 in Axes
  4667 | D:5      | Reached skill level 5 in Armour
  5314 | D:6      | Reached skill level 7 in Axes
  5748 | D:6      | Reached XP level 9. HP: 72/81 MP: 10/10
  6023 | D:6      | Reached *** piety under Elyvilon
  6062 | D:6      | Found a shimmering altar of Xom.
  6062 | D:6      | Found a burning altar of Makhleb.
  6223 | D:6      | Reached skill level 8 in Axes
  6737 | D:7      | Reached skill level 5 in Dodging
  6759 | D:7      | Found a blossoming altar of Fedhas.
  6854 | D:7      | Found Hialusm's Gadget Boutique.
  6929 | D:7      | Found a glowing silver altar of Zin.
  6931 | D:7      | Found a sacrificial altar of Ru.
  7003 | D:7      | Noticed Menkaure
  7024 | D:7      | Killed Menkaure
  7369 | D:7      | Found a staircase to the Ecumenical Temple.
  7404 | Temple   | Entered the Ecumenical Temple
  7637 | D:7      | Reached skill level 5 in Throwing
  7901 | D:7      | Noticed Dowan
  7935 | D:7      | Killed Dowan
  7986 | D:7      | Noticed Duvessa
  8005 | D:7      | Killed Duvessa
  8205 | D:7      | Noticed Prince Ribbit
  8214 | D:7      | Reached skill level 9 in Axes
  8233 | D:7      | Killed Prince Ribbit
  8233 | D:7      | Reached skill level 5 in Invocations
  8508 | D:8      | Noticed a deep elf mage
  8702 | D:8      | Reached XP level 10. HP: 77/91 MP: 12/12
  9317 | D:8      | Killed a deep elf mage
  9717 | D:8      | Found a bloodstained altar of Trog.
  9723 | D:8      | Reached **** piety under Elyvilon
  9767 | D:8      | Reached skill level 10 in Axes
 10301 | D:8      | Blown up by an orc

Levels and vault maps discovered:
D:1:      lemuel_arrival_funnel, layout_basic
D:2:      layout_basic, lemuel_blue_sif_altar, first_ration, serial_undead,
          serial_undead_b, serial_undead_e, serial_undead_a, serial_undead_a
D:3:      layout_basic, old_standard_altar, kennysheep_slug_shrine,
          elyvilon_altar_4, kennysheep_generic_room_8
D:4:      minmay_goblin_kobold_castle, layout_loops_ring
D:5:      layout_cave_pools, kennysheep_little_box, grunt_decor_resistance,
          wad_rectangle_vault
D:6:      layout_gridville, grunt_temple_overflow_champion_of_chaos, minmay_bent
D:7:      layout_loops_ring, chequers_temple_overflow_statue_of_worship,
          overflow_temple_1_default, minmay_temple_entry_statues_pillars,
          serial_shops, shop, st_stairs_12, uniq_duvessa, uniq_menkaure,
          uniq_prince_ribbit1
D:8:      layout_basic, trog_ov_bears_minmay, david_nohive_1,
          grunt_ministairs_1, minmay_misc_feat_x, kennysheep_generic_room_16
Temple:   compressed_dpeg_triangle_lava_temple

Skill      XL: |  1  2  3  4  5  6  7  8  9 10 |
---------------+-------------------------------+-----
Axes           | 2 3 4 5 7 9 10 | 10.3
Dodging        | 1 2 3 4 5 6 |  6.5
Armour         | 3 4 5 6 7 |  7.6
Throwing       | 2 3 4 5 6 |  6.0
Invocations    | 1 2 3 5 |  5.8
Fighting       | 7 8 9 |  9.6
Shields        | |  1.2

Action                   |  1- 3 |  4- 6 |  7- 9 | 10-12 || total
-------------------------+-------+-------+-------+-------++-------
Melee: Hand axe          |    71 |   191 |   481 |     5 ||   748
       Headbutt          |     9 |    27 |    88 |    21 ||   145
       War axe           |       |       |       |   178 ||   178
Invok: Heal Other        |       |       |     1 |       ||     1
Evoke: Wand              |       |     2 |       |     1 ||     3
  Use: Scroll            |       |       |     8 |       ||     8
  Eat: Chunk             |     1 |     6 |     8 |     3 ||    18
       Ration            |       |       |     3 |     1 ||     4
Armor: Ring mail         |    35 |     8 |       |       ||    43
       Scale mail        |       |    85 |    78 |       ||   163
       Plate armour      |       |       |   170 |   112 ||   282
Dodge: Dodged            |    56 |   133 |   204 |   100 ||   493
